 Dungeon Crawl Stone Soup version 0.27.0-1-g7a089689b8 (webtiles) character file.

Game seed: 1616165439493371503

2190 inmateoo the Sneak (level 9, -1/61 HPs)
             Began as an Octopode Conjurer on Aug 2, 2021.
             Was an Initiate of Makhleb.
             Slain by an orc warrior (14 damage)
             ... on level 7 of the Dungeon.
             The game lasted 00:09:30 (6652 turns).

inmateoo the Sneak (Octopode Conjurer)              Turns: 6652, Time: 00:09:30

Health: -1/61      AC:  1    Str:  6    XL:     9   Next: 33%
Magic:  19/25      EV: 15    Int: 24    God:    Makhleb [......]
Gold:   132        SH:  0    Dex: 16    Spells: 11/18 levels left

rFire    . . .     SeeInvis .     - Unarmed
rCold    . . .     Faith    .   (no shield)
rNeg     . . .     Spirit   .   (helmet restricted)
rPois    .         Reflect  .   e - amulet of magic regeneration
rElec    .         Harm     .   c - ring of magical power
rCorr    .         Rampage  .   m - +6 ring of dexterity
Will     .....                  (no ring)
Stlth    ++++......             (no ring)
HPRegen  0.20/turn              (no ring)
MPRegen  0.44/turn              (no ring)
                                (no ring)
                                (no ring)

@: about to teleport
A: almost no armour, amphibious, 8 rings, camouflage 1, gelatinous body 1,
(nimble swimmer 1), tentacles
a: Renounce Religion


You were on level 7 of the Dungeon.
You worshipped Makhleb.
Makhleb was noncommittal.
You visited 2 branches of the dungeon, and saw 8 of its levels.

You collected 362 gold pieces.
You spent 230 gold pieces at shops.

Inventory:

Jewellery
 c - a ring of magical power (left tentacle)
 e - an amulet of magic regeneration (around mantle)
 m - a +6 ring of dexterity (right tentacle)
Scrolls
 k - 3 scrolls of teleportation
Potions
 a - 2 potions of flight
 b - 3 potions of brilliance
 f - 2 potions of degeneration {unknown}
 g - 2 potions of haste {unknown}
 h - a potion of resistance {unknown}
 i - a potion of invisibility {unknown}
 j - 2 potions of ambrosia {unknown}


   Skills:
 + Level 5.3 Fighting
 + Level 5.4 Dodging
 + Level 6.4 Stealth
 + Level 3.2 Unarmed Combat
 + Level 5.1 Spellcasting
 + Level 6.1 Conjurations
 - Level 3.0 Hexes


You had 11 spell levels left.
You knew the following spells:

 Your Spells              Type           Power      Damage    Failure   Level
a - Magic Dart            Conj           100%       1d8       1%          1
b - Searing Ray           Conj           70%        3d5       1%          2
c - Fulminant Prism       Conj/Hex       14%        3d9       13%         4

Your spell library contained the following spells:

 Spells                   Type           Power      Damage    Failure   Level
 Dazzling Flash           Conj/Hex       56%        N/A       4%          3
 Mephitic Cloud           Conj/Pois/Air  16%        N/A       11%         3
 Call Imp                 Summ           6%         N/A       13%         2
 Iskenderun's Mystic Bla  Conj/Tloc      21%        2d6       24%         4
 Irradiate                Conj/Tmut      10%        3d17      56%         5
 Blade Hands              Tmut           3%         N/A       94%         5
 Dragon Form              Tmut           3%         N/A       100%        7


Dungeon Overview and Level Annotations

Branches:
Dungeon (7/15)             Temple (1/1) D:6

Altars:
Ashenzari
Cheibriados
Dithmenos
Elyvilon
Fedhas
Gozag
Hepliaklqana
Makhleb
Nemelex Xobeh
Okawaru
Qazlal
Ru
Sif Muna
Trog
Uskayaw
Vehumet
Wu Jian
Xom
Yredelemnul
Zin
The Shining One

Shops:
D:7 *


Innate Abilities, Weirdness & Mutations

You cannot wear most types of armour.
You are amphibious.
You can wear up to eight rings at the same time.
Your skin changes colour to match your surroundings (Stealth+).
Your rubbery body absorbs attacks. (AC +1, EV +1)
((You are camouflaged near water. (Stealth+)))
You have tentacles for arms and can constrict up to eight enemies at once.


Message History

Makhleb accepts your kill.
Things that are here:
a +0 whip; 10 gold pieces
Casting: Magic Dart (safe; 1% risk of failure)
Confirm with . or Enter, or press ? or * to list all spells.
Aiming: Searing Ray (safe; 1% risk of failure)
Press: ? - help, Shift-Dir - straight line, f - orc
Aim: an orc, wielding a +0 whip of flaming (81% to hit)
The searing ray hits the orc!
You kill the orc!
Makhleb accepts your kill. (Press . to maintain the ray.)
The searing ray hits the orc warrior.
The orc warrior is lightly wounded.
The searing ray hits the orc warrior.
The orc warrior is lightly wounded.
You finish channeling your searing ray.
Casting: Searing Ray (safe; 1% risk of failure)
Confirm with . or Enter, or press ? or * to list all spells.
Aiming: Searing Ray (safe; 1% risk of failure)
Press: ? - help, Shift-Dir - straight line, f - orc warrior
Aim: an orc warrior, wielding a +0 dire flail and wearing a +0 plate armour (lightly wounded, 81% to hit)
The searing ray hits the orc warrior but does no damage.
The orc warrior is lightly wounded. (Press . to maintain the ray.)
The orc warrior hits you with a +0 dire flail.
The searing ray hits the orc warrior!
The orc warrior is moderately wounded.
The orc warrior barely misses you.
The searing ray hits the orc warrior but does no damage.
The orc warrior is moderately wounded.
The orc warrior hits you with a +0 dire flail!
The searing ray misses the orc warrior.
You finish channeling your searing ray.
The orc warrior hits you with a +0 dire flail!!
* * * LOW HITPOINT WARNING * * *
You hear an angry hiss.
As you read the scroll of teleportation, it crumbles to dust.
You feel strangely unstable.
The orc warrior hits you with a +0 dire flail!
You die...

..... ..#........).....# (....
#.#..<...# #†# ......
#.#......###.#####
......#######.#...)..[.[.....#
............#................#
................##...........#
....#.....#.....#≈≈.≈≈#...####
. #.....####..#≈#'#≈....#
#.....# ##.@o'∩'.....# ###.#.#
#.#≈#+#≈...## #####...###
#.#≈≈.≈≈..... ..........#
#..#.......#.. ..........#
##.#.....#.... ......[...#
##........
..........###.........
..............#.......
..............#..#.#..


You could see an orc warrior.

Vanquished Creatures
  Grinder (D:4)
  An orc warrior (D:7)
  A black bear (D:7)
  3 ogres (D:5)
  2 necrophages (D:5)
  A centaur (D:5)
  4 phantoms
  A kobold brigand (D:6)
  2 scorpions
  A centaur zombie (D:5)
  2 centaur skeletons (D:7)
  A jelly (D:5)
  2 hounds (D:5)
  2 bullfrog skeletons
  3 orc priests
  A gnoll shaman (D:5)
  An iguana (D:6)
  3 orc wizards
  A scorpion zombie (D:5)
  2 killer bee zombies
  A hound zombie (D:3)
  4 adders (D:2)
  13 gnolls
  A white imp (D:6)
  2 ufetubi
  5 worms
  5 dart slugs
  13 orcs
  6 bats
  7 endoplasms
  7 giant cockroaches
  5 goblins
  5 hobgoblins
  7 jackals
  4 quokkas
  4 ball pythons
  2 frilled lizards (D:1)
  6 kobolds
  5 rats
137 creatures vanquished.

Vanquished Creatures (others)
  2 fulminant prisms (D:7)
  2 plants (D:2)
4 creatures vanquished.

Grand Total: 141 creatures vanquished

Notes
Turn   | Place    | Note
-------+----------+-------------------------------------------
     0 | D:1      | inmateoo the Octopode Conjurer began the quest for the Orb.
     0 | D:1      | Reached XP level 1. HP: 11/11 MP: 3/3
   201 | D:1      | Reached XP level 2. HP: 18/18 MP: 0/5
   333 | D:1      | Learned a level 2 spell: Searing Ray
   516 | D:1      | Found a faded altar of an unknown god.
   540 | D:1      | Reached XP level 3. HP: 22/22 MP: 6/6
   772 | D:1      | Reached skill level 1 in Fighting
  1206 | D:2      | Reached XP level 4. HP: 28/28 MP: 7/7
  1796 | D:2      | Reached XP level 5. HP: 34/34 MP: 9/9
  2710 | D:3      | Learned a level 4 spell: Fulminant Prism
  2752 | D:4      | Reached XP level 6. HP: 41/41 MP: 7/10
  3070 | D:4      | Noticed Grinder
  3108 | D:4      | Killed Grinder
  3109 | D:4      | Reached skill level 5 in Conjurations
  3109 | D:4      | Reached XP level 7. HP: 38/46 MP: 7/12
  3631 | D:5      | Entered Level 5 of the Dungeon
  3856 | D:5      | Reached skill level 1 in Unarmed Combat
  3856 | D:5      | Reached skill level 1 in Hexes
  3864 | D:5      | Reached XP level 8. HP: 18/54 MP: 11/14
  4424 | D:5      | Reached skill level 5 in Stealth
  5464 | D:6      | Reached skill level 5 in Fighting
  5464 | D:6      | Reached skill level 5 in Dodging
  5464 | D:6      | Reached XP level 9. HP: 61/61 MP: 16/16
  5617 | D:6      | Found a staircase to the Ecumenical Temple.
  5755 | Temple   | Entered the Ecumenical Temple
  5810 | Temple   | Became a worshipper of Makhleb the Destroyer
  6224 | D:7      | Reached skill level 5 in Spellcasting
  6303 | D:7      | Found Xeeps's Assorted Antiques.
  6306 | D:7      | Bought a scroll of identify for 46 gold pieces
  6306 | D:7      | Bought a scroll of teleportation for 69 gold pieces
  6306 | D:7      | Bought a notched ruby ring for 115 gold pieces
  6652 | D:7      | Slain by an orc warrior

Illustrated notes

Levels and vault maps discovered:
D:1:      amcnicky_arrival_blooded_trapdoor, layout_basic,
          shapermc_ecumenical_altar_mp_vishouse
D:2:      minmay_razor_zed, layout_rooms, serial_forest,
          infiniplex_forest_clump_large, infiniplex_forest_zigzag_1,
          infiniplex_forest_zigzag_1, infiniplex_forest_clump_tiny,
          infiniplex_forest_lined_room_, infiniplex_forest_side_room,
          infiniplex_forest_lined_3_way, infiniplex_forest_3_way
D:3:      layout_basic, grunt_ministairs_7
D:4:      layout_cave_pods, uniq_grinder
D:5:      layout_rooms, minmay_misc_feat_plants, minmay_chambers_of_fives
D:6:      layout_cave_pods, minmay_temple_entry_hall
D:7:      layout_basic, serial_shops, kennysheep_mini_moat
Temple:   kilobyte_greek_temple

Skill      XL: |  1  2  3  4  5  6  7  8  9 |
---------------+----------------------------+-----
Stealth        | 3 4 5 6 |  6.4
Fighting       | 1 2 3 4 5 |  5.3
Dodging        | 3 4 5 |  5.4
Spellcasting   | 3 4 5 |  5.1
Conjurations   | 5 6 |  6.1
Unarmed Combat | 1 2 3 |  3.2
Hexes          | 1 2 3 |  3.0

Action                   |  1- 3 |  4- 6 |  7- 9 || total
-------------------------+-------+-------+-------++-------
Melee: Unarmed           |    12 |    29 |     5 ||    46
       Constrict         |     3 |    11 |     1 ||    15
       Tentacles         |     1 |     5 |       ||     6
 Cast: Magic Dart        |    27 |    33 |    50 ||   110
       Searing Ray       |    10 |    24 |    41 ||    75
       Fulminant Prism   |       |       |     2 ||     2
  Use: Scroll            |       |     8 |     2 ||    10
       Potion            |       |     1 |       ||     1
 Stab: Sleeping          |     1 |     1 |       ||     2
Armor: Skin              |     2 |     6 |     2 ||    10
Dodge: Dodged            |    14 |    27 |    41 ||    82
